AoeStats
← 化劲省二

MegaRandom

504685874Analyzed
1v1 RM · 27d ago on Sep 6, 2026· 16m 44s· 2 players
Game mode
Random Map
Map size
Tiny (2 player)
Population
200
Speed
Normal
Resources
Standard
Victory
Conquest
Starting age
Dark Age
Ending age
Imperial Age
RankedLock teamsTeams togetherTeam positionsShared explorationLock speedFull tech treeHidden civsTurbo modeCheats
Victory
Defeat
🇮🇩 Armenians · Indonesia
1213
+17
🇨🇳 Khitans · China
1239
-17
Franko87
7:28 Loom
9:58 Feudal Age
10:01 Man-at-Arms
11:14 Arson
15:52 Double-Bit Axe
化劲省二
11:13 Feudal Age
9:29 Loom
13:44 Wheelbarrow
13:38 Double-Bit Axe
Connection lost

Rejoining the realm…

Still unreachable

The connection could not be restored.

Session expired

The server has moved on; the page needs a fresh start.